 Dungeon Crawl Stone Soup version 0.30-a0-743-gbfdf073431 (webtiles) character file.

Game seed: 1638047319663074654

43 theblackgale the Chiller (level 3, 0/26 HPs)
             Began as a Draconian Ice Elementalist on Feb 7, 2023.
             Slain by a gnoll
             ... wielding a +0 spear
              (3 damage)
             ... on level 2 of the Dungeon.
             The game lasted 00:05:38 (470 turns).

theblackgale the Chiller (DrIE)                      Turns: 470, Time: 00:05:39

Health: 0/26       AC:  5    Str: 10    XL:     3   Next: 37%
Magic:  1/6        EV: 12    Int: 17    God:
Gold:   48         SH:  0    Dex: 11    Spells: 5/6 levels left

rFire   . . .      SeeInvis .    j - +0 rapier
rCold   . . .      Faith    .    (no shield)
rNeg    . . .      Spirit   .    (body armour unavailable)
rPois   +          Reflect  .    (helmet restricted)
rElec   .          Harm     .    (no cloak)
rCorr   .          Rampage  .    (no gloves)
Will    .....                    (no boots)
Stlth   ++                       (no amulet)
HPRegen 0.24/turn                d - ring of poison resistance
MPRegen 0.10/turn                g - ring of flight

@: flying
A: AC +5, unfitting armour, cold-blooded
a: no special abilities


You were on level 2 of the Dungeon.
You visited 1 branch of the dungeon, and saw 2 of its levels.

You collected 48 gold pieces.

Inventory:

Hand Weapons
 c - a +0 club
 h - a +0 short sword
 j - a +0 rapier (weapon)
Jewellery
 d - a ring of poison resistance (left hand)
 g - a ring of flight (right hand)
Scrolls
 e - 3 scrolls of teleportation
Potions
 a - a potion of magic
 b - a potion of invisibility {unknown}
 f - a potion of cancellation {unknown}


   Skills:
 + Level 0.2 Fighting
 + Level 0.2 Short Blades
 + Level 2.0 Dodging
 + Level 2.0 Stealth
 + Level 2.3 Spellcasting
 + Level 4.7 Ice Magic


You had 5 spell levels left.
You knew the following spells:

 Your Spells              Type           Power      Damage    Failure   Level
a - Freeze                Ice            72%        1d8       2%          1

Your spell library contained the following spells:

 Spells                   Type           Power      Damage    Failure   Level
 Frozen Ramparts          Ice            36%        1d6       8%          3
 Ozocubu's Armour         Ice            18%        N/A       8%          3
 Summon Ice Beast         Ice/Summ       10%        N/A       56%         4
 Summon Lightning Spire   Summ/Air       1%         N/A       88%         4
 Blade Hands              Tmut           0%         N/A       99%         5
 Iron Shot                Conj/Erth      0%         9d1       100%        6
 Storm Form               Tmut/Air       0%         N/A       100%        7
 Maxwell's Capacitive Co  Air            0%         ∞         100%        8
 Animate Armour           Summ/Erth      Unusable   N/A       N/A         4

Dungeon Overview and Level Annotations

Branches:
Dungeon (2/15)

Altars:


Innate Abilities, Weirdness & Mutations

Your plain brown scales are hard. (AC +5)
You cannot fit into any form of body armour.
You are cold-blooded and may be slowed by cold attacks.


Message History

The gnoll closely misses you. The gnoll hits you with a +0 club.
You have reached level 3!
Your experience leads to an increase in your attributes!
Increase (S)trength, (I)ntelligence, or (D)exterity?
You feel clever. x2; Your scales feel tougher.
Casting: Freeze (safe; 2% risk of failure)
Confirm with . or Enter, or press ? or * to list all spells.
Aiming: Freeze (safe; 2% risk of failure)
Press: ? - help, Shift-Dir - straight line, f - gnoll
Aim: a gnoll, wielding a +0 club You freeze the gnoll.
The gnoll is moderately wounded.
The gnoll closely misses you. The hobgoblin hits you.
The gnoll hits you with a +0 club.
Casting: Freeze (safe; 2% risk of failure)
Confirm with . or Enter, or press ? or * to list all spells.
Aiming: Freeze (safe; 2% risk of failure)
Press: ? - help, Shift-Dir - straight line, f/p - gnoll
Aim: a gnoll, wielding a +0 club (moderately wounded)
You freeze the gnoll.
The gnoll is heavily wounded.
The gnoll hits you but does no damage. The gnoll closely misses you.
The hobgoblin closely misses you.
You hit the gnoll.
The gnoll is severely wounded.
The gnoll hits you with a +0 club!
The gnoll hits you from afar with a +0 spear.
* * * LOW HITPOINT WARNING * * *
The hobgoblin closely misses you.
You hit the gnoll.
You kill the gnoll!
The hobgoblin hits you.
* * * LOW HITPOINT WARNING * * *
The gnoll barely misses you. The giant cockroach closely misses you.
The giant cockroach attacks as you move away!
The giant cockroach bites you but does no damage.
The hobgoblin attacks as you move away!
The hobgoblin hits you but does no damage.
The gnoll hits you from afar with a +0 spear.
You die...

##. ##### .. ....#
..##....# .##
#.......## ....
#......... .....
.......#
......####....####
.......Bg@<.......
......#.).........
.......g###.#.....
.......## .# ..#.
.....#. .# ...
.....## .# .. ....
.# . .# .#


You could see a gnoll, a giant cockroach and a hobgoblin.

Vanquished Creatures
  3 gnolls
  An endoplasm (D:1)
  2 goblins (D:1)
  A hobgoblin (D:1)
  2 ball pythons (D:1)
  2 frilled lizards (D:1)
  2 kobolds (D:1)
  4 rats
17 creatures vanquished.

Notes
Turn   | Place    | Note
-------+----------+-------------------------------------------
     0 | D:1      | theblackgale the Draconian Ice Elementalist began the quest
                  | for the Orb.
     0 | D:1      | Reached XP level 1. HP: 14/14 MP: 3/3
   176 | D:1      | Reached XP level 2. HP: 20/20 MP: 1/5
   466 | D:2      | Reached XP level 3. HP: 18/26 MP: 2/6
   470 | D:2      | Slain by a gnoll

Illustrated notes

Levels and vault maps discovered:
D:1:      zaba_arrival_water, layout_basic, chequers_decorated_corner
D:2:      layout_rooms, basic_altar, minmay_heptomino_w4

Skill      XL: |  1  2 |
---------------+-------+-----
Dodging        | 2 |  2.0
Stealth        | 2 |  2.0
Fighting       | |  0.2
Short Blades   | |  0.2
Spellcasting   | |  2.3
Ice Magic      | |  4.7

Action                     || total
---------------------------++-------
  Melee: Club              ||     5
         Unarmed           ||     4
         Tailslap          ||     2
         Rapier            ||     9
   Cast: Freeze            ||    19
    Use: Scroll            ||     1
 Armour: Skin              ||     9
  Dodge: Dodged            ||    21

Table legend: (Time is in decaauts)
 A = Elapsed time spent in this place.
 B = Non-inter-level travel time spent in this place.
 C = Inter-level travel time spent in this place.
 D = Time resting spent in this place.
 E = Time spent auto-exploring this place.
 F = Levels seen in this place.
 G = Mean time per level.
                   A        B        C        D        E       F      G
               +--------+--------+--------+--------+--------+-----+--------+
         Total |    477 |    244 |    233 |    128 |      0 |   2 |  238.5 |
       Dungeon |    477 |    244 |    233 |    128 |      0 |   2 |  238.5 |
               +--------+--------+--------+--------+--------+-----+--------+

Top non-repeatable levels by time:
     D:1: 463 daAuts
     D:2: 13 daAuts
